 Dungeon Crawl Stone Soup version 0.29-a0-757-g358383bc75 (webtiles) character file.

Game seed: 450411872827226533

2142 zeratav the Ruffian (level 9, -5/88 HPs)
             Began as a Troll Fighter on June 30, 2022.
             Splashed by a brown ugly thing's acid (9 damage)
             ... on level 7 of the Dungeon on July 1, 2022.
             The game lasted 00:06:06 (4248 turns).

zeratav the Ruffian (Troll Fighter)                 Turns: 4248, Time: 00:06:07

Health: -5/88      AC: -6    Str: 30    XL:     9   Next: 9%
Magic:  8/8        EV:  8    Int:  4    God:
Gold:   329        SH:  8    Dex:  9    Spells: 8/8 levels left

rFire   + . .      SeeInvis .     - Unarmed
rCold   . . .      Faith    .   b - +0 kite shield
rNeg    . . .      Spirit   .   D - +1 robe {rF+}
rPois   .          Reflect  .   (helmet restricted)
rElec   .          Harm     .   k - +0 cloak
rCorr   .          Rampage  .   (gloves unavailable)
Will    ++...                   (boots unavailable)
Stlth   +.........              (no amulet)
HPRegen 1.04/turn               o - ring of willpower
MPRegen 0.11/turn               C - ring of willpower

@: corroded
A: large, unfitting armour, claws 3, regeneration 1, shaggy fur 1, tough skin 1
a: no special abilities


You were on level 7 of the Dungeon.
You visited 1 branch of the dungeon, and saw 7 of its levels.

You collected 428 gold pieces.
You spent 99 gold pieces at shops.


Innate Abilities, Weirdness & Mutations

You are too large for most types of armour.
You have claws for hands.
Your natural rate of healing is unusually fast.
You are covered in fur. (AC +1)
You have tough skin. (AC +1)


   Skills:
 + Level 5.4 Fighting
 + Level 5.2 Throwing
 - Level 2.4 Dodging
 + Level 6.0 Shields
 + Level 6.6 Unarmed Combat


You had 8 spell levels left.
You didn't know any spells.
Your spell library contained the following spells:

 Spells                   Type           Power      Damage    Failure   Level
 Apportation              Tloc           0%         N/A       77%         1
 Necrotize                Necr           0%         1d4       77%         1
 Summon Small Mammal      Summ           0%         N/A       77%         1
 Ensorcelled Hibernation  Hex/Ice        0%         N/A       88%         2
 Passwall                 Tmut/Erth      0%         N/A       88%         2
 Poisonous Vapours        Pois/Air       0%         N/A       88%         2
 Summon Guardian Golem    Hex/Summ       0%         N/A       98%         3
 Swiftness                Air            0%         N/A       98%         3
 Corpse Rot               Necr/Pois/Air  0%         N/A       100%        4
 Summon Lightning Spire   Summ/Air       0%         N/A       100%        4
 Orb of Destruction       Conj           0%         9d5       100%        7
 Spellforged Servitor     Conj/Summ      0%         N/A       100%        7
 Storm Form               Tmut/Air       0%         N/A       100%        7
 Maxwell's Capacitive Co  Air            0%         ∞         100%        8

Inventory:

Missiles
 i - 4 large rocks (quivered) {=fthrowing}
 s - 4 boomerangs {throwing}
Armour
 b - a +0 kite shield (worn)
 k - a +0 cloak (worn)
   (You found it on level 1 of the Dungeon)
 D - a +1 robe of fire resistance (worn)
   (You bought it in a shop on level 2 of the Dungeon)
Jewellery
 n - an amulet of magic regeneration {@e2}
   (You found it on level 1 of the Dungeon)
 o - a ring of willpower (left claw)
   (You found it on level 2 of the Dungeon)
 r - a ring of ice
   (You found it on level 3 of the Dungeon)
 y - a ring of positive energy
   (You found it on level 4 of the Dungeon)
 C - a ring of willpower (right claw)
   (You found it on level 4 of the Dungeon)
 E - a +6 ring of dexterity
   (You found it on level 6 of the Dungeon)
 G - a ring of ice
   (You found it on level 6 of the Dungeon)
Scrolls
 a - a scroll of fog {unknown}
 d - 2 scrolls of immolation {unknown}
 f - a scroll of magic mapping {unknown}
 j - 4 scrolls of identify {unknown}
 m - 2 scrolls of enchant weapon {unknown}
 p - 2 scrolls of enchant armour {unknown}
 q - 3 scrolls of teleportation {unknown}
 u - a scroll of poison {unknown}
 w - 2 scrolls of silence {unknown}
 x - 2 scrolls of amnesia {unknown}
 A - a scroll of blinking {unknown}
 B - a scroll of acquirement {unknown}
Potions
 c - a potion of might
 e - a potion of berserk rage {unknown}
 g - 2 potions of cancellation {unknown}
 h - a potion of heal wounds {unknown}
 l - 5 potions of curing {unknown}
 t - a potion of flight {unknown}
 v - a potion of invisibility {unknown}
 z - a potion of brilliance {unknown}
 F - a potion of magic {unknown}

Dungeon Overview and Level Annotations

Branches:
Dungeon (7/15) Zot: 26820
 Temple: D:4-7

Altars:
Fedhas
Sif Muna
Trog
Uskayaw
Vehumet

Shops:
D:2 [   D:3 ( D:6

= # # # # # ######## # #####
#.....!# # ########...#
#......#
###..).....#.#####l.....#
#.......>.......@uFo....#
#.#.......##.#...##oC########
#.#.......##...####....../...
#.#.......###### ##u........
#.#.......# #..#...#..
#.#.......# #.†.#.#...
..#.......# #....#...#
..........# #....o...
......... #..#...#.C


You could see a brown ugly thing, a cyclops, an orc warrior, a wyvern, a
bullfrog and an orc.


Message History

You claw the necrophage!
You destroy the necrophage!
The howler monkey hoots and howls with incredible vigour!
The howler monkey howls!
You hear a croak.
You hear a shout! x3
HP[+1]
You closely miss the howler monkey. You block the howler monkey's attack.
The wyvern hisses menacingly.
An orc comes into view. It is wielding a +0 mace.
HP[+1]
Your hp is fully restored (80).
You scratch the howler monkey but do no damage.
You block the howler monkey's attack.
An orc warrior comes into view. It is wielding a +0 hand axe.
You mangle the howler monkey!!
You kill the howler monkey!
The wyvern bites you! The wyvern bites you.
A scorpion comes into view.
You have reached level 9!
Your experience leads to an increase in your attributes!
Increase (S)trength, (I)ntelligence, or (D)exterity?
You feel stronger. x3
HP[-8] MP[+1]
You now have 88 max hp (+8).
Your mp is fully restored (8).
You closely miss the wyvern. You block the wyvern's attack.
The bullfrog hits you.
A brown ugly thing comes into view.
HP[-4]
You take 4 damage, and now have 68/88 hp.
You claw the bullfrog! You block the wyvern's attack. The bullfrog hits you.
The wyvern bites you but does no damage.
HP[-3]
You take 3 damage, and now have 65/88 hp.
You mangle the bullfrog!!
You kill the bullfrog!
The wyvern barely misses you.
HP[+1]
You claw the howler monkey! You block the wyvern's attack.
A bullfrog comes into view.
You block the howler monkey's attack. The wyvern closely misses you.
HP[+1]
The bullfrog gives a loud, deep croak!
You scratch the howler monkey but do no damage.
The howler monkey hoots and howls with incredible vigour!
You block the wyvern's attack.
You hear a shout!
HP[+1]
You claw the howler monkey!
You kill the howler monkey!
The wyvern bites you.
The bullfrog swells and bulges.
The wyvern bites you!
Your Shields skill increases to level 6!
HP[-13]
You take 13 damage, and now have 55/88 hp.
The scorpion attacks as you move away! You block the scorpion's attack.
HP[+1]
The wyvern attacks as you move away! The wyvern barely misses you. x2
HP[+1] HP[+1]
The scorpion completely misses you.
HP[+1]
The scorpion attacks as you move away! You block the scorpion's attack.
HP[+1]
The scorpion attacks as you move away! The scorpion closely misses you.
HP[+1]
You scratch the scorpion but do no damage.
You block the scorpion's attack.
HP[+1]
You mangle the scorpion!!
You kill the scorpion!
HP[+2]
You regained 2 hp, and now have 64/88 hp.
You mangle the brown ugly thing!!
HP[+1]
You scratch the brown ugly thing. The brown ugly thing barely misses you.
HP[+1]
You barely miss the brown ugly thing. The brown ugly thing gores you!
The acid corrodes you!
You are splashed with acid!
HP[-20]
You take 20 damage, and now have 46/88 hp.
MASSIVE DAMAGE!! (PAUSE)
You claw the brown ugly thing! The brown ugly thing barely misses you.
HP[+1]
You scratch the brown ugly thing but do no damage.
The brown ugly thing gores you!
* * * LOW HITPOINT WARNING * * *
The acid corrodes you!
You are splashed with acid!
* * * LOW HITPOINT WARNING * * *
HP[-16]
You take 16 damage, and now have 31/88 hp.
You mangle the brown ugly thing!! The brown ugly thing gores you.
* * * LOW HITPOINT WARNING * * *
You are splashed with acid!
* * * LOW HITPOINT WARNING * * *
HP[-11]
You take 11 damage, and now have 20/88 hp.
You closely miss the brown ugly thing. The brown ugly thing gores you!
* * * LOW HITPOINT WARNING * * *
The acid corrodes you!
You are splashed with acid!
You die...

Skill      XL: |  1  2  3  4  5  6  7  8  9 |
---------------+----------------------------+-----
Unarmed Combat | 3 4 5 6 |  6.6
Throwing       | 1 2 3 5 |  5.2
Shields        | 3 4 5 6 |  6.0
Fighting       | 3 4 5 |  5.4
Dodging        | |  2.4

Action                   |  1- 3 |  4- 6 |  7- 9 || total
-------------------------+-------+-------+-------++-------
Melee: Unarmed           |    68 |   136 |   168 ||   372
Throw: Large rock        |       |     3 |       ||     3
 Stab: Sleeping          |     1 |     2 |       ||     3
Armor: Robe              |    15 |    36 |    49 ||   100
Dodge: Dodged            |    25 |    41 |    55 ||   121
Block: Kite shield       |    27 |    48 |    63 ||   138

Levels and vault maps discovered:
D:1:      dpeg_arrival_simpleton_b, layout_rooms, serial_bayou_pond_c
D:2:      layout_loops_corners, serial_shops, nicolae_shop_advertising_works
          [nicolae_subvault_shop_adworks], st_stairs_8, grunt_ministairs_4
D:3:      layout_basic, lightli_temple_of_fire,
          nicolae_uskayaw_murder_on_the_dancefloor, serial_shops,
          nicolae_shop_temple_entry_statues_fountains,
          kennysheep_generic_room_14
D:4:      layout_cave_pools, kennysheep_mini, mainiacjoe_overflow_paths
D:5:      layout_layer_cave, vehumet_crystals
D:6:      layout_gridville, serial_shops, shop
D:7:      cheibrodos_fzero, layout_basic, lemuel_tele_altar,
          minmay_temple_entry_stoned_glass, uniq_duvessa, uniq_maggie,
          uniq_joseph, uniq_pikel

Notes
Turn   | Place    | Note
-------+----------+-------------------------------------------
     0 | D:1      | zeratav the Troll Fighter began the quest for the Orb.
     0 | D:1      | Reached XP level 1. HP: 22/22 MP: 0/0
     0 | D:1      | magus.rc [v1.9.6]
   100 | D:1      | You pick up a book of Burglary and begin reading...
   100 | D:1      | You add the spells Passwall, Ensorcelled Hibernation and
                  | Swiftness to your library.
   125 | D:1      | Reached XP level 2. HP: 29/29 MP: 1/1
   238 | D:1      | Reached skill level 3 in Unarmed Combat
   560 | D:2      | Reached XP level 3. HP: 29/36 MP: 2/2
   732 | D:2      | Reached skill level 1 in Throwing
   732 | D:2      | Reached skill level 3 in Shields
   738 | D:2      | Reached XP level 4. HP: 21/44 MP: 3/3
   905 | D:2      | Found Zeast's Antique Armour Emporium.
   946 | D:2      | You pick up a book of Vapours and begin reading...
   946 | D:2      | You add the spells Poisonous Vapours and Corpse Rot to your
                  | library.
  1041 | D:2      | You pick up a book of the Sky and begin reading...
  1041 | D:2      | You add the spells Summon Lightning Spire, Storm Form and
                  | Maxwell's Capacitive Coupling to your library.
  1398 | D:3      | Found Averph's Antique Weapon Shoppe.
  1476 | D:3      | Noticed a scorpion
  1482 | D:3      | Killed a scorpion
  1483 | D:3      | Reached skill level 3 in Fighting
  1483 | D:3      | Reached XP level 5. HP: 39/53 MP: 4/4
  1635 | D:3      | Found a hide-covered altar of Uskayaw.
  1746 | D:3      | Found a bloodstained altar of Trog.
  1993 | D:4      | Reached skill level 2 in Throwing
  2077 | D:4      | You fall into a shaft and drop 1 floor!
  2077 | D:5      | Entered Level 5 of the Dungeon
  2086 | D:5      | Noticed a black bear
  2090 | D:5      | Killed a black bear
  2091 | D:5      | Reached skill level 4 in Unarmed Combat
  2091 | D:5      | Reached XP level 6. HP: 61/61 MP: 5/5
  2123 | D:5      | Noticed an ice beast
  2125 | D:5      | Killed an ice beast
  2223 | D:4      | Reached skill level 4 in Shields
  2250 | D:4      | Found a blossoming altar of Fedhas.
  2311 | D:4      | You pick up a book of Cantrips and begin reading...
  2311 | D:4      | You add the spells Necrotize, Summon Small Mammal and
                  | Apportation to your library.
  2378 | D:4      | Found a shimmering blue altar of Sif Muna.
  2574 | D:4      | You pick up a book of Dangerous Friends and begin
                  | reading...
  2574 | D:4      | You add the spells Summon Guardian Golem, Orb of
                  | Destruction and Spellforged Servitor to your library.
  2674 | D:5      | Found a radiant altar of Vehumet.
  2678 | D:5      | Reached skill level 3 in Throwing
  2678 | D:5      | Reached XP level 7. HP: 57/68 MP: 6/6
  2811 | D:5      | Reached skill level 4 in Fighting
  2815 | D:5      | HP: 16/70 [orc priest/+0 mace (3)]
  2818 | D:5      | HP: 6/70 [orc priest/divine providence (9)]
  2822 | D:5      | HP: 1/70 [orc/+0 short sword (4)]
  3009 | D:2      | Bought an embroidered robe for 99 gold pieces
  3395 | D:6      | Reached skill level 5 in Unarmed Combat
  3592 | D:6      | Reached XP level 8. HP: 76/79 MP: 7/7
  3631 | D:6      | Reached skill level 4 in Throwing
  3631 | D:6      | Reached skill level 5 in Shields
  3670 | D:6      | Found Fiem's Jewellery Shop.
  4082 | D:7      | Noticed Duvessa
  4083 | D:7      | Noticed Dowan
  4097 | D:7      | Killed Duvessa
  4098 | D:7      | Reached skill level 6 in Unarmed Combat
  4103 | D:7      | Killed Dowan
  4104 | D:7      | Reached skill level 5 in Fighting
  4144 | D:7      | Noticed Joseph
  4157 | D:7      | Killed Joseph
  4158 | D:7      | Reached skill level 5 in Throwing
  4216 | D:7      | Noticed a cyclops
  4228 | D:7      | Reached XP level 9. HP: 72/88 MP: 8/8
  4229 | D:7      | Noticed a brown ugly thing
  4234 | D:7      | Reached skill level 6 in Shields
  4247 | D:7      | HP: 20/88 [acid (8)]
  4248 | D:7      | HP: 4/88 [brown ugly thing (17)]
  4248 | D:7      | Splashed by a brown ugly thing's acid

Vanquished Creatures
  Joseph (D:7)
  A water moccasin (D:6)
  A sky beast (D:6)
  Duvessa (D:7)
  An ice beast (D:5)
  An ogre (D:6)
  3 black bears
  2 necrophages
  2 bullfrogs
  2 scorpions
  Dowan (D:7)
  2 howler monkeys (D:7)
  2 jellies (D:5)
  2 orc priests
  2 hounds
  2 iguanas
  7 orc wizards
  4 gnolls (D:2)
  4 adders
  A shadow imp (D:5)
  An ufetubus (D:6)
  20 orcs
  6 ball pythons
  8 endoplasms
  6 giant cockroaches
  7 goblins
  8 hobgoblins
  4 jackals (D:2)
  4 kobolds
  8 quokkas
  6 bats
  3 frilled lizards
  A rat (D:2)
124 creatures vanquished.

Table legend:
 A = Non-vault XP
 B = Vault XP
 C = Vault XP percentage of total XP
 D = Non-vault monster count
 E = Vault monster count
 F = Vault count percentage of total count
                 A         B        C        D         E       F
            +---------+---------+-------+---------+---------+-------
      Total |    1991 |    1070 |  35.0 |     110 |      14 |  11.3
            +---------+---------+-------+---------+---------+-------
        D:1 |      32 |       0 |   0.0 |      18 |       0 |   0.0
        D:2 |      92 |       6 |   6.1 |      16 |       3 |  15.8
        D:3 |     129 |       3 |   2.3 |      22 |       2 |   8.3
        D:4 |      96 |       0 |   0.0 |      15 |       0 |   0.0
        D:5 |     677 |       0 |   0.0 |      22 |       0 |   0.0
        D:6 |     965 |       0 |   0.0 |      17 |       0 |   0.0
        D:7 |       0 |    1061 | 100.0 |       0 |       9 | 100.0
            +---------+---------+-------+---------+---------+-------

Illustrated notes

Table legend:
 A = Kills in this place as a percentage of kills in entire the game.
 B = Kills by you in this place as a percentage of kills by you in the entire game.
 C = Kills by friends in this place as a percentage of kills by friends in the entire game.
 D = Other kills in this place as a percentage of other kills in the entire game.
 E = Experience gained in this place as a percentage of experience gained in the entire game.
 F = Experience gained in this place divided by the number of levels of this place that you have seen.
                   A       B       C       D       E      F
               +-------+-------+-------+-------+-------+----------------------
         Total | 100.0 | 100.0 |   N/A |   N/A | 100.0 | 437.3
       Dungeon | 100.0 | 100.0 |   N/A |   N/A | 100.0 | 437.3
               +-------+-------+-------+-------+-------+----------------------

Table legend: (Time is in decaauts)
 A = Elapsed time spent in this place.
 B = Non-inter-level travel time spent in this place.
 C = Inter-level travel time spent in this place.
 D = Time resting spent in this place.
 E = Time spent auto-exploring this place.
 F = Levels seen in this place.
 G = Mean time per level.
                   A        B        C        D        E       F      G
               +--------+--------+--------+--------+--------+-----+--------+
         Total |   4268 |   3889 |    379 |    122 |   2990 |   7 |  609.7 |
       Dungeon |   4268 |   3889 |    379 |    122 |   2990 |   7 |  609.7 |
               +--------+--------+--------+--------+--------+-----+--------+

Top non-repeatable levels by time:
     D:2: 967 daAuts
     D:6: 686 daAuts
     D:5: 674 daAuts
     D:3: 627 daAuts
     D:4: 599 daAuts
     D:1: 535 daAuts
     D:7: 178 daAuts
